 Dungeon Crawl Stone Soup version 0.13.1-2-gfb2c2b7 (webtiles) character file.

390 Lilouch the Skirmisher (level 6, 0/47 HPs)
             Began as a Demonspawn Chaos Knight on Dec 12, 2013.
             Was a Plaything of Xom.
             Succumbed to a kobold's curare-tipped needle
             ... on Level 3 of the Dungeon.
             The game lasted 00:09:39 (2325 turns).

Lilouch the Skirmisher (Demonspawn Chaos Knight)    Turns: 2325, Time: 00:09:39

HP   0/47        AC  9     Str 19      XL: 6   Next:  7%
MP   6/6         EV 14     Int 13      God: Xom
Gold 105         SH  0     Dex 18      Spells:  0 memorised,  5 levels left

Res.Fire  : . . .   See Invis. : .   i - +0 spear
Res.Cold  : . . .   Warding    : .   m - +0 chain mail (curse)
Life Prot.: . . .   Conserve   : .   (no shield)
Res.Poison: .       Res.Corr.  : .   (helmet restricted)
Res.Elec. : .       Clarity    : .   (no cloak)
Sust.Abil.: . .     Spirit.Shd : .   (no gloves)
Res.Mut.  : .       Stasis     : .   (no boots)
Res.Rott. : .       Flight     : .   (no amulet)
Saprovore : . . .                    (no ring)
                                     l - +5 ring of strength

@: agile, mildly poisoned, slightly resistant to hostile enchantments, extremely
unstealthy
A: horns 2, demonic guardian 1, EV +2
a: Renounce Religion


You were on level 3 of the Dungeon.
You worshipped Xom.
You were a toy of Xom.
You were not hungry.

You visited 1 branch of the dungeon, and saw 4 of its levels.

You collected 85 gold pieces.

Inventory:

Hand weapons
 a - a +0,+0 spear of chaos {=f}
 i - a +0,+0 spear (weapon)
Missiles
 y - 13 poisoned bolts
Armour
 b - a +2 leather armour
 m - a cursed +0 chain mail (worn)
Magical devices
 s - a wand of magic darts (3)
 v - a wand of polymorph (3)
Comestibles
 c - 3 bread rations
 f - a pear
 j - 2 meat rations
 z - a choko
 A - a chunk of giant gecko flesh
 B - a chunk of rat flesh
Scrolls
 g - 2 scrolls of identify {unknown}
 h - a scroll of remove curse {unknown}
 k - 2 scrolls of amnesia {unknown}
 p - a scroll of magic mapping {unknown}
 r - a scroll of enchant armour {unknown}
 t - a scroll of enchant weapon I {unknown}
 w - a scroll of random uselessness {unknown}
 x - a scroll of blinking {unknown}
Jewellery
 l - a +5 ring of strength (left hand)
Potions
 d - 3 potions of brilliance {unknown}
 e - 2 potions of agility
 n - a potion of paralysis {unknown}
 q - a potion of porridge {unknown}
 u - a potion of confusion {unknown}


   Skills:
 + Level 4.8 Fighting
 + Level 3.9 Polearms
 + Level 3.7 Armour
 - Level 0.8 Dodging


You had 5 spell levels left.
You didn't know any spells.

Dungeon Overview and Level Annotations

Branches:
Dungeon (4/27)
 Temple: D:4-7

Altars:
Trog


Innate Abilities, Weirdness & Mutations

You have a pair of horns on your head.
You are surrounded by a mild repulsion field (EV +2).
A weak demonic guardian rushes to your aid.


Message History

You start resting.
* * * LOW HITPOINT WARNING * * *
You feel sick.
You start resting.
* * * LOW HITPOINT WARNING * * *
You feel sick.
You start resting.
* * * LOW HITPOINT WARNING * * *
You feel sick.
You start resting.
* * * LOW HITPOINT WARNING * * *
You feel sick.
You start resting.
* * * LOW HITPOINT WARNING * * *
You feel sick.
Drink which item? (? for menu, Esc to quit)
You feel more agile all of a sudden.
It was a potion of agility.
You die...
Xom cackles wildly!

#...........#
########.#########.#
#......#.# #.#
#.####.#.#########%########
#.#.<.....................#
#.#.##.#.##....##.........#
#.#....#.##....##..........
#.###....##....##.........#
#.........@................
#####....#.....##.........#
#....#.....##.........#
#....#.....##.........#
#....#.....##.........#
#....#.################
#....#.# #....#.# #....#.#


There were no monsters in sight!

Vanquished Creatures
  Prince Ribbit (D:4)
  A giant frog skeleton (D:4)
  A hound (D:3)
  3 adders
  A giant mite (D:1)
  A grey rat (D:3)
  An orc (D:2)
  8 bats
  3 giant cockroaches
  7 hobgoblins
  2 giant geckos
  2 giant newts (D:1)
  14 goblins
  2 kobolds
  An orc skeleton (D:3)
  8 rats
56 creatures vanquished.

Vanquished Creatures (collateral kills)
  3 giant newts (D:2)
  A rat (D:2)
4 creatures vanquished.

Vanquished Creatures (others)
  A crimson imp (D:2)
  An iron imp (D:4)
  2 lemures
  A white imp (D:3)
5 creatures vanquished.

Grand Total: 65 creatures vanquished

Notes
Turn   | Place    | Note
--------------------------------------------------------------
     0 | D:1      | Lilouch, the Demonspawn Chaos Knight, began the quest for the Orb.
     0 | D:1      | Reached XP level 1. HP: 16/16 MP: 1/1
   129 | D:1      | Gained mutation: You are surrounded by a mild repulsion field (EV +2). [demonic ancestry]
   129 | D:1      | Reached XP level 2. HP: 15/22 MP: 2/2
   206 | D:1      | XOM: harmless Ice miscast
   439 | D:1      | XOM: silly message
   609 | D:1      | Gained mutation: A weak demonic guardian rushes to your aid. [demonic ancestry]
   609 | D:1      | Reached XP level 3. HP: 19/28 MP: 3/3
  1097 | D:2      | XOM: silly message
  1271 | D:2      | Noticed a moth of wrath
  1273 | D:2      | XOM: potion effect (agility)
  1274 | D:2      | Found a bloodstained altar of Trog.
  1275 | D:2      | XOM: potion effect (brilliance)
  1278 | D:2      | XOM: potion effect (speed)
  1282 | D:2      | XOM: divination: detect creatures
  1283 | D:2      | XOM: potion effect (invisibility)
  1306 | D:2      | XOM: confuse monster(s)
  1310 | D:2      | XOM: divination: magic mapping
  1311 | D:2      | XOM: potion effect (might)
  1313 | D:2      | XOM: harmless Divn miscast
  1314 | D:2      | XOM: cast spell 'Blink'
  1317 | D:2      | XOM: divination: magic mapping
  1341 | D:2      | XOM: silly message
  1496 | D:3      | Reached skill level 4 in Fighting
  1575 | D:3      | Reached XP level 4. HP: 35/35 MP: 4/4
  1738 | D:3      | XOM: divination: magic mapping
  1743 | D:3      | XOM: silly message
  1822 | D:3      | XOM: silly message
  2120 | D:4      | Noticed Prince Ribbit
  2122 | D:4      | XOM: potion effect (berserk)
  2130 | D:4      | XOM: divination: detect creatures
  2131 | D:4      | Killed Prince Ribbit
  2131 | D:4      | Gained mutation: You have a pair of small horns on your head. [demonic ancestry]
  2131 | D:4      | Reached XP level 5. HP: 26/40 MP: 5/5
  2134 | D:4      | Gained mutation: You have a pair of horns on your head. [demonic ancestry]
  2134 | D:4      | Reached XP level 6. HP: 29/47 MP: 6/6
  2270 | D:4      | XOM: colour smoke trail
  2322 | D:3      | HP: 2/47 [poisoned by a kobold (curare-tipped needle)]
  2325 | D:3      | Succumbed to a kobold's curare-tipped needle

Action                   |  1- 3 |  4- 6 || total
-------------------------+-------+-------++-------
Melee: Spear             |   162 |    55 ||   217
Evoke: Wand              |       |     4 ||     4
  Use: Potion            |       |     1 ||     1
 Stab: Invisible         |     1 |       ||     1
